 Dungeon Crawl Stone Soup version 0.24.0-125-gc4c63601f3 (webtiles) character file.

Game seed: 15190522301303755570, levelgen mode: deterministic

69 Adamkad1 the Chucker (level 4, -2/41 HPs)
             Began as an Ogre Arcane Marksman on Mar 13, 2020.
             Slain by an adder (3 damage)
             ... on level 2 of the Dungeon.
             The game lasted 00:04:53 (2231 turns).

Adamkad1 the Chucker (Ogre Arcane Marksman)         Turns: 2231, Time: 00:04:53

Health: -2/41      AC:  3    Str: 15    XL:     4   Next: 20%
Magic:  7/7        EV: 10    Int: 14    God:
Gold:   47         SH:  0    Dex:  9    Spells: 7/8 levels left

rFire    . . .     SeeInvis .   (no weapon)
rCold    . . .     Gourm    .   (no shield)
rNeg     . . .     Faith    .   a - +0 robe
rPois    .         Spirit   .   (helmet restricted)
rElec    .         Reflect  .   (no cloak)
rCorr    .         Harm     .   (gloves unavailable)
MR       .....                  (boots unavailable)
Stlth    +.........             (no amulet)
HPRegen  0.13/turn              (no ring)
MPRegen  0.10/turn              (no ring)

@: lethally poisoned (-2 -> -3)
A: large, unfitting armour, tough skin 1
a: no special abilities


You were on level 2 of the Dungeon.
You were not hungry.

You visited 1 branch of the dungeon, and saw 2 of its levels.

You collected 47 gold pieces.

Inventory:

Armour
 a - a +0 robe (worn)
Scrolls
 b - a scroll of amnesia {unknown}
 d - a scroll of teleportation {unknown}
 g - 3 scrolls of fog {unknown}
 j - a scroll of enchant armour {unknown}
Potions
 e - a potion of berserk rage {unknown}
 h - 2 potions of agility {unknown}
 i - a potion of flight {unknown}
 k - a potion of might {unknown}
 l - a potion of haste {unknown}
Comestibles
 f - 3 rations


   Skills:
 - Level 1.3 Fighting
 * Level 3.7 Throwing
 - Level 1.7 Dodging
 + Level 2.5 Spellcasting
 - Level 2.6 Hexes


You had 7 spell levels left.
You knew the following spells:

 Your Spells              Type           Power        Failure   Level  Hunger
a - Corona                Hex            #......      8%          1    #......

Your spell library contained the following spells:

 Spells                   Type           Power        Failure   Level  Hunger
 Slow                     Hex            #.......     12%         2    ###....
 Inner Flame              Hex/Fire       #.......     36%         3    ###....
 Portal Projectile        Hex/Tloc       #.....       36%         3    ###....
 Cause Fear               Hex            #.........   58%         4    #####..
 Leda's Liquefaction      Hex/Erth       #.........   78%         4    #####..


Dungeon Overview and Level Annotations

Branches:
Dungeon (2/15)

Altars:
Cheibriados
Xom


Innate Abilities, Weirdness & Mutations

You are too large for most types of armour.
You have tough skin. (AC +1)


Message History

The adder bites you but does no damage.
Firing (i - inventory) No suitable missiles.
Press: ? - help, Shift-Dir - straight line, f/p - adder
Aim: an adder (moderately wounded)
Okay, then.
You feel sick.
You feel sick. The adder bites you.
* * * LOW HITPOINT WARNING * * *
* * * LOW HITPOINT WARNING * * *
You feel sick. The adder bites you.
* * * LOW HITPOINT WARNING * * *
* * * LOW HITPOINT WARNING * * *
You feel sick. The adder barely misses you. The adder barely misses you.
* * * LOW HITPOINT WARNING * * *
You feel sick.
You see here a large rock.
The adder bites you.
You die...

........##.#.###....#
.##.#....#(#..##(...#
..#.#....#†##.......#
..#......#)#...#....#
#........()#.#.#....#
...##.....#.!.#...##
...................##
###.##.........S....#..
#.....#......@........
#.##.........<........
# . #.............##...
.. #.........(........
# %...##.###.#####...
#### ... #.# . #.[ .##
#.. #.# ... ..


You could see an adder.

Vanquished Creatures
  Terence (D:2)
  An ooze (D:1)
  2 dart slugs (D:1)
  A leopard gecko (D:1)
  3 bats (D:1)
  8 goblins (D:1)
  5 hobgoblins (D:1)
  2 ball pythons (D:1)
  9 kobolds
  4 rats
36 creatures vanquished.

Notes
Turn   | Place    | Note
-------+----------+-------------------------------------------
     0 | D:1      | Adamkad1 the Ogre Arcane Marksman began the quest for the
                  | Orb.
     0 | D:1      | Reached XP level 1. HP: 19/19 MP: 2/2
    29 | D:1      | Noticed a wolf
    29 | D:1      | Noticed a swamp worm
    29 | D:1      | Noticed a redback
    29 | D:1      | Noticed a swamp drake
    29 | D:1      | Noticed a komodo dragon
   356 | D:1      | Reached XP level 2. HP: 27/27 MP: 1/4
   976 | D:1      | Reached skill level 3 in Throwing
   994 | D:1      | Reached XP level 3. HP: 33/33 MP: 4/6
  1905 | D:2      | Found a snail-covered altar of Cheibriados.
  1920 | D:2      | Noticed Terence
  1943 | D:2      | Killed Terence
  1943 | D:2      | Reached XP level 4. HP: 25/41 MP: 5/7
  2007 | D:2      | Found a shimmering altar of Xom.
  2128 | D:2      | Found a radiant altar of Vehumet.
  2128 | D:2      | Found a glowing silver altar of Zin.
  2130 | D:2      | Found a sparkling altar of Nemelex Xobeh.
  2130 | D:2      | Found a hazy altar of Hepliaklqana.
  2130 | D:2      | Found an iron altar of Okawaru.
  2224 | D:2      | HP: 2/41 [adder (1)]
  2230 | D:2      | HP: 1/41 [poisoned by an adder]
  2231 | D:2      | Slain by an adder

Levels and vault maps discovered:
D:1:      onia_arrival_zoo_common, layout_loops_cross, patterned_corridor
D:2:      layout_rooms, nicolae_tso_swordbearing_angel, zin_academy,
          overflow_temple_1_default, doesnt_xom_only_xom, uniq_terence,
          uniq_natasha

Skill      XL: |  1  2 |
---------------+-------+-----
Spellcasting   | 2 |  2.5
Throwing       | 3 |  3.7
Fighting       | |  1.3
Dodging        | |  1.7
Hexes          | |  2.6

Action                   |  1- 3 |  4- 6 || total
-------------------------+-------+-------++-------
Melee: Unarmed           |    79 |    15 ||    94
Throw: Large rock        |    44 |     6 ||    50
       Throwing net      |     5 |       ||     5
 Cast: Corona            |    17 |     1 ||    18
 Stab: Held in net/web   |     1 |       ||     1
  Eat: Ration            |     1 |       ||     1
       Chunk             |       |     1 ||     1
Armor: Robe              |    20 |     9 ||    29
Dodge: Dodged            |    60 |    16 ||    76
